 Dungeon Crawl Stone Soup version 0.31-a0-236-g9a0961fb85 (webtiles) character file.

Game seed: 13684219493924482605

34 Anon1729 the Slasher (level 3, 0/33 HPs)
             Began as a Meteoran Monk on July 10, 2023.
             Succumbed to an adder's poison
             ... on level 3 of the Dungeon.
             The game lasted 00:00:55 (484 turns).

Anon1729 the Slasher (Meteoran Monk)                 Turns: 484, Time: 00:00:56

Health: 0/33       AC:  2    Str: 13    XL:     3   Next: 73%
Magic:  4/4        EV: 14    Int: 11    God:
Gold:   100        SH:  0    Dex: 18    Spells: 2/2 levels left

rFire   . . .        a - +0 falchion
rCold   . . .        d - orb {light}
rNeg    . . .        b - +0 robe
rPois   .            (no helmet)
rElec   .            (no cloak)
rCorr   .            (no gloves)
SInv    .            (no boots)
Will    .....        (no amulet)
Stlth   +            (no ring)
HPRegen 0.25/turn    (no ring)
MPRegen 0.09/turn

%: no passive effects
@: lethally poisoned (0 -> -7), glowing
A: sense surroundings 1, otherworldly, glowing, explore regen
a: no special abilities


You were on level 3 of the Dungeon.
You visited 1 branch of the dungeon, and saw 3 of its levels.

You collected 100 gold pieces.

Inventory:

Hand Weapons
 a - a +0 falchion (weapon)
Armour
 b - a +0 robe (worn)
 d - an orb of light (worn)
Scrolls
 e - a scroll of fog {unknown}
 f - a scroll of identify {unknown}
 h - a scroll of immolation {unknown}
 l - a scroll of teleportation {unknown}
Potions
 c - a potion of ambrosia
 g - 2 potions of curing {unknown}
 i - a potion of might {unknown}
 j - a potion of lignification {unknown}
 k - a potion of heal wounds {unknown}


   Skills:
 + Level 3.8 Fighting
 + Level 4.2 Long Blades
 + Level 4.2 Dodging


You had 2 spell levels left.
You didn't know any spells.
Your spell library contained the following spells:

 Spells                   Type           Power      Damage    Failure   Level
 Dazzling Flash           Conj/Hex       0%         N/A       71%         3
 Volatile Blastmotes      Fire/Tloc      0%         2d10      71%         3
 Iskenderun's Mystic Bla  Conj/Tloc      0%         2d3       98%         4
 Starburst                Conj/Fire      0%         6d3       100%        6


Dungeon Overview and Level Annotations

Branches:
Dungeon (3/15) Zot: 1309

Altars:


Innate Abilities, Weirdness & Mutations

You passively map a small area around you.
You are easily found by Zot.
You glow in the dark.
You regain HP and MP as you explore.


Message History

The hobgoblin completely misses you.
You hear an angry hiss.
The endoplasm quivers.
You hit the hobgoblin.
The hobgoblin is severely wounded.
The hobgoblin hits you.
An adder comes into view.
You hit the hobgoblin.
You kill the hobgoblin!
You hit the hobgoblin but do no damage. The hobgoblin barely misses you.
You hit the hobgoblin.
You kill the hobgoblin!
You hit the orc but do no damage. You hit the orc.
The orc is heavily wounded.
The orc hits you but does no damage. The adder closely misses you.
The endoplasm hits you.
You hit the adder.
The adder is moderately wounded.
The adder bites you.
You are poisoned.
The adder poisons you! The endoplasm misses you.
You hit the adder.
The adder is severely wounded.
You feel sick. The adder bites you.
You are more poisoned.
The adder poisons you! The endoplasm freezes you.
You are frozen.
The orc hits you with a +0 hand axe. The adder bites you.
Unknown command.
The orc attacks as you move away! The orc completely misses you.
The endoplasm attacks as you move away! The endoplasm barely misses you.
You feel very sick. The orc hits you with a +0 short sword.
* * * LOW HITPOINT WARNING * * *
The orc wizard points at you and mumbles some strange words.
The magic dart hits you!
* * * LOW HITPOINT WARNING * * *
The orc closely misses you.
You die...

... , ......... ** , ##
###.#... ##....>... ,
.######......###.....$...
,
.#.......................
*
...##..#........(........
*
.........#......oJ.......
, ####..###...#
#ooSo......
####.###..#.#####.o.$...#
,
.......#.#....##@...>....
..............#..########
.......##.......## ** ,
.......##......## ,
.......#......##
.......#.#....# *
.......#.#....# , ,, ,
..............# * ,,, *
............... , * *


You could see an adder, 2 orcs and an endoplasm.

Vanquished Creatures
  A dart slug (D:3)
  3 ball pythons (D:2)
  4 endoplasms
  A giant cockroach (D:2)
  4 goblins
  3 hobgoblins
  2 quokkas
  4 bats
  A frilled lizard (D:1)
  2 kobolds
  3 rats
28 creatures vanquished.

Notes
Turn   | Place    | Note
-------+----------+-------------------------------------------
     0 | D:1      | Anon1729 the Meteoran Monk began the quest for the Orb.
     0 | D:1      | Reached XP level 1. HP: 19/19 MP: 2/2
    53 | D:1      | Reached XP level 2. HP: 26/26 MP: 3/3
   294 | D:2      | Reached XP level 3. HP: 32/33 MP: 4/4
   484 | D:3      | Succumbed to an adder's poison

Illustrated notes

Levels and vault maps discovered:
D:1:      wheals_arrival_linesprint, layout_rooms,
          amcnicky_mini_corridor_feature, minmay_misc_feat_columns
D:2:      layout_loops_corners, nicolae_concentric_dashed_squares_mild
D:3:      layout_rooms, mainiacjoe_overflow_tiny_flanked, dk_vineyard_1,
          serial_bayou_lagoon_a, glass_columns_c, solitary_fountain,
          chequers_serial_rivers_small_b

Skill      XL: |  1  2 |
---------------+-------+-----
Long Blades    | 4 |  4.2
Dodging        | 4 |  4.2
Fighting       | |  3.8

Action                     || total
---------------------------++-------
  Melee: Falchion          ||    55
 Armour: Robe              ||    15
  Dodge: Dodged            ||    44

Table legend: (Time is in decaauts)
 A = Elapsed time spent in this place.
 B = Non-inter-level travel time spent in this place.
 C = Inter-level travel time spent in this place.
 D = Time resting spent in this place.
 E = Time spent auto-exploring this place.
 F = Levels seen in this place.
 G = Mean time per level.
                   A        B        C        D        E       F      G
               +--------+--------+--------+--------+--------+-----+--------+
         Total |    490 |    465 |     25 |      0 |    304 |   3 |  163.3 |
       Dungeon |    490 |    465 |     25 |      0 |    304 |   3 |  163.3 |
               +--------+--------+--------+--------+--------+-----+--------+

Top non-repeatable levels by time:
     D:2: 203 daAuts
     D:1: 196 daAuts
     D:3: 89 daAuts
